 Dungeon Crawl Stone Soup version 0.28.0-45-g0d030f2227 (webtiles) character file.

Game seed: 5734475057711283676

137 Zeld the Skirmisher (level 5, -8/47 HPs)
             Began as a Minotaur Berserker on Apr 11, 2022.
             Was a Believer of Trog.
             Mangled by an ogre
             ... wielding a +0 giant club
              (25 damage)
             ... on level 4 of the Dungeon.
             The game lasted 00:02:37 (3030 turns).

Zeld the Skirmisher (Minotaur Berserker)            Turns: 3030, Time: 00:02:38

Health: -8/47      AC:  2    Str: 23    XL:     5   Next: 0%
Magic:  4/4        EV: 12    Int:  4    God:    Trog [**....]
Gold:   145        SH:  0    Dex: 10    Spells: 4/4 levels left

rFire   . . .      SeeInvis .   a - +0 hand axe
rCold   . . .      Faith    .   (no shield)
rNeg    . . .      Spirit   .   b - +0 animal skin
rPois   .          Reflect  .   (helmet restricted)
rElec   .          Harm     .   (no cloak)
rCorr   .          Rampage  .   (no gloves)
Will    .....                   (no boots)
Stlth   +.........              (no amulet)
HPRegen 0.15/turn               (no ring)
MPRegen 0.09/turn               (no ring)

@: no status effects
A: horns 2, retaliatory headbutt
a: Renounce Religion, Berserk, Trog's Hand


You were on level 4 of the Dungeon.
You worshipped Trog.
Trog was pleased with you.
You visited 1 branch of the dungeon, and saw 4 of its levels.

You collected 145 gold pieces.

Inventory:

Hand Weapons
 a - a +0 hand axe (weapon)
Armour
 b - a +0 animal skin (worn)
Scrolls
 c - a scroll of fog {unknown}
 e - a scroll of teleportation {unknown}
 f - 5 scrolls of identify {unknown}
 i - a scroll of enchant weapon {unknown}
 j - a scroll of fear {unknown}
Potions
 d - a potion of lignification {unknown}
 g - 2 potions of degeneration {unknown}
 h - a potion of ambrosia {unknown}
 k - 2 potions of might


   Skills:
 * Level 4.9 Fighting
 * Level 4.9 Axes
 + Level 3.3 Armour
 + Level 3.1 Dodging


You had 4 spell levels left.
You didn't know any spells.
Your spell library was empty.

Dungeon Overview and Level Annotations

Branches:
Dungeon (4/15)
 Temple: D:4-7

Altars:
Ashenzari
Sif Muna


Innate Abilities, Weirdness & Mutations

You have a pair of horns on your head.
You reflexively headbutt those who attack you in melee.


Message History

An adder is nearby!
The adder misses you. You furiously retaliate!
You headbutt the adder. The adder misses you.
You hit the adder.
You kill the adder!
Trog accepts your kill.
You have reached level 5!
Done exploring.
Done exploring.
No target in view!
Done exploring.
No target in view!
Done exploring.
There is a stone staircase leading down here.
You climb downwards.
There is a stone staircase leading up here.
An ogre comes into view. It is wielding a +0 giant club.
The ogre shouts!
An ogre is nearby!
An ogre is nearby!
You hit the ogre. You headbutt the ogre.
The ogre is moderately wounded.
The ogre misses you. You furiously retaliate!
You headbutt the ogre.
A giant cockroach comes into view.
You barely miss the ogre. Your headbutt misses the ogre.
The ogre is heavily wounded.
The ogre barely misses you. You furiously retaliate!
You headbutt the ogre. You hit the ogre.
The ogre is severely wounded.
The ogre hits you with a +0 giant club!
You hit the ogre but do no damage. You headbutt the ogre.
The ogre is almost dead.
You hit the ogre but do no damage.
The ogre is almost dead.
The ogre hits you with a +0 giant club!!
You are too injured to fight recklessly!
Okay, then.
The ogre hits you with a +0 giant club!!
Ouch! That really hurt!
You die...

### #..#
#.#### #..#
#....# #..#
#.##.# #..#
#.#.<# #..#
#.########..#
#........#..#
#...........#
#@######.#.##
#.OB.....#.#
##########.#
..# ###


You could see an ogre and a giant cockroach.

Vanquished Creatures
  7 adders
  2 worms (D:2)
  A dart slug (D:2)
  5 endoplasms
  2 giant cockroaches
  6 hobgoblins
  10 jackals
  2 quokkas
  3 ball pythons
  6 bats
  3 frilled lizards
  5 goblins
  6 kobolds
  7 rats
65 creatures vanquished.

Notes
Turn   | Place    | Note
-------+----------+-------------------------------------------
     0 | D:1      | Zeld the Minotaur Berserker began the quest for the Orb.
     0 | D:1      | Reached XP level 1. HP: 19/19 MP: 0/0
   206 | D:1      | Reached XP level 2. HP: 27/27 MP: 1/1
   721 | D:2      | Reached ** piety under Trog
   722 | D:2      | Reached XP level 3. HP: 24/33 MP: 2/2
   902 | D:2      | Found a faded altar of an unknown god.
  1096 | D:2      | Found a shimmering blue altar of Sif Muna.
  1555 | D:2      | Reached XP level 4. HP: 38/41 MP: 3/3
  2370 | D:3      | Found a broken altar of Ashenzari.
  2973 | D:3      | Reached XP level 5. HP: 47/47 MP: 4/4
  3013 | D:4      | Noticed an ogre
  3030 | D:4      | Mangled by an ogre

Illustrated notes

Levels and vault maps discovered:
D:1:      dpeg_arrival_rooms_c, layout_rooms, item_on_display_a
D:2:      minmay_door_path, layout_loops_ring, basic_altar,
          shapermc_ecumenical_altar_venn
D:3:      layout_basic, mainiacjoe_overflow_concentric_impassable,
          serial_park_tiny_pond, minmay_misc_feat_chi
D:4:      layout_basic, minmay_temple_entry_hall, minmay_cut_off

Skill      XL: |  1  2  3  4 |
---------------+-------------+-----
Fighting       | 4 |  4.9
Axes           | 4 |  4.9
Armour         | 3 |  3.3
Dodging        | 3 |  3.1

Action                   |  1- 3 |  4- 6 || total
-------------------------+-------+-------++-------
Melee: Hand axe          |    89 |    47 ||   136
       Headbutt          |     9 |    14 ||    23
       Punch             |     2 |       ||     2
 Stab: Sleeping          |     1 |       ||     1
Armor: Animal skin       |    11 |     5 ||    16
Dodge: Dodged            |    52 |    35 ||    87
